 Dungeon Crawl Stone Soup version 0.30-a0-1042-gacf32f4bd3 (webtiles) character file.

Game seed: 12946766719627497873

2702 Lavandula the Transmogrifier (level 9, -15/59 HPs)
             Began as a Merfolk Transmuter on Apr 9, 2023.
             Was a Believer of Okawaru.
             Demolished by an orc warlord
             ... wielding a +2 battleaxe
              (18 damage)
             ... in a bailey.
             The game lasted 00:16:28 (6699 turns).

Lavandula the Transmogrifier (Merfolk Transmuter)   Turns: 6699, Time: 00:16:28

Health: -15/59     AC: 12    Str: 12    XL:     9   Next: 65%
Magic:  13/17      EV: 13    Int: 14    God:    Okawaru [**....]
Gold:   429        SH:  0    Dex: 15    Spells: 3/18 levels left

rFire   . . .      SeeInvis .      - Unarmed
rCold   . . .      Faith    .    (shield currently unavailable)
rNeg    + + .      Spirit   .    l - +5 ring mail of the Bulwark {rN++}
rPois   +          Reflect  .    p - +1 helmet "Idevaxisa" {*Slow rPois Will++ Regen+}
rElec   .          Rampage  .    (no cloak)
rCorr   .                        (gloves currently unavailable)
Will    ++...                    (boots currently unavailable)
Stlth   ++                       (no amulet)
HPRegen 1.09/turn                (no ring)
MPRegen 0.15/turn                (no ring)

@: blade hands, hasted, very quick
A: nimble swimmer 2, mertail
a: End Transformation, Renounce Religion, Heroism


You were in a bailey.
You worshipped Okawaru.
Okawaru was pleased with you.
You had blades for hands.
You visited 2 branches of the dungeon, and saw 9 of its levels.
You also visited: Bailey.

You collected 429 gold pieces.

Inventory:

Missiles
 s - a throwing net
Armour
 l - the +5 ring mail of the Bulwark (worn) {rN++}
   (You found it on level 2 of the Dungeon)

   rN:        It greatly protects you from negative energy.
 p - the +1 helmet "Idevaxisa" (worn) {*Slow rPois Will++ Regen+}
   (You found it on level 3 of the Dungeon)

   rPois:     It protects you from poison.
   Regen:     It increases your rate of health regeneration.
   *Slow:     It may slow you when you take damage.
   Will:      It greatly increases your willpower.
Scrolls
 c - 3 scrolls of amnesia
 i - a scroll of enchant weapon
 j - 2 scrolls of fog
 o - a scroll of fear
 q - a scroll of magic mapping
 r - 2 scrolls of teleportation
 u - a scroll of enchant armour {unknown}
Potions
 a - a potion of attraction {unknown}
 b - a potion of haste
 d - a potion of lignification
 e - 3 potions of curing
 f - 3 potions of heal wounds
 g - a potion of brilliance {unknown}
 k - 2 potions of degeneration {unknown}
 m - 2 potions of magic {unknown}
 n - a potion of resistance {unknown}
 t - 2 potions of mutation {unknown}


   Skills:
 - Level 1.1 Fighting
 - Level 2.6 Dodging
 + Level 9.5 Unarmed Combat
 - Level 5.3 Spellcasting
 - Level 10.9 Transmutations
 - Level 2.0 Poison Magic


You had 3 spell levels left.
You knew the following spells:

 Your Spells              Type           Power      Damage    Failure   Level
a - Beastly Appendage     Tmut           68%        N/A       11%         1
b - Wereblood             Tmut           34%        N/A       13%         2
c - Spider Form           Tmut/Pois      21%        N/A       43%         3
d - Ice Form              Ice/Tmut       19%        N/A       80%         4
e - Blade Hands           Tmut           17%        N/A       50%         5

Your spell library contained the following spells:

 Spells                   Type           Power      Damage    Failure   Level
 Kiss of Death            Conj/Necr      12%        2d6       78%         1
 Confusing Touch          Hex            3%         N/A       97%         3
 Anguish                  Hex/Necr       1%         N/A       100%        4
 Dispel Undead            Necr           3%         3d7       100%        4
 Iron Shot                Conj/Erth      1%         9d1       100%        6
 Enfeeble                 Hex            1%         N/A       100%        7
 Animate Armour           Summ/Erth      Unusable   N/A       N/A         4

Dungeon Overview and Level Annotations

Branches:
Dungeon (8/15)             Temple (1/1) D:5            Lair (0/5) D:8
 Bailey (1/1)

Altars:
Ashenzari
Cheibriados
Dithmenos
Hepliaklqana
Kikubaaqudgha
Nemelex Xobeh
Okawaru
Ru
Sif Muna
Uskayaw
Wu Jian
Xom
The Shining One


Innate Abilities, Weirdness & Mutations

You have blades for hands.
Your spellcasting is less reliable in this form.
You are incapable of wielding weapons or throwing items.
You are very nimble when in or above water. (Stealth+, EV+, Speed+++)
Your lower body shifts to a powerful aquatic tail in water.


Message History

You hit the orc warlord but do no damage.
Unknown command.
You slice the orc warlord!!
The orc warlord is moderately wounded.
Unknown command.
You slash the orc warlord! x2
The orc warlord is heavily wounded.
The orc warlord hits you with a +2 battleaxe.
Unknown command.
You slice the orc warlord!! You tail-slap the orc warlord.
The orc warlord is severely wounded.
Unknown command.
You slash the orc warlord!
The orc warlord is severely wounded.
The orc warlord hits you with a +2 battleaxe!!
Unknown command.
You slash the orc warlord!
The orc warlord is almost dead.
The orc hits you with a +0 hand axe!
Unknown command.
You completely miss the orc warlord.
The orc warlord is almost dead.
The orc warlord splashes around in the water.
Unknown command.
You hit the orc warlord.
You slash the orc warlord, but do no damage.
The orc warlord is almost dead.
The orc barely misses you.
The orc warlord hits you with a +2 battleaxe!!
* * * LOW HITPOINT WARNING * * *
Unknown command.
You slash the orc warlord!
The orc warlord is almost dead.
Unknown command.
You hit the orc warlord.
The orc warlord is almost dead.
The orc hits you with a +0 hand axe.
* * * LOW HITPOINT WARNING * * *
The orc warlord hits you with a +2 battleaxe!!
You die...

........o.o.........#
...(.#'''#.)(...8...#
..####~~o####......##
..#~~~~~~~~~#)....##♣
..#~.8...8.~#....##.♣
'###.......###'###..♣♣
.#~~.8...8.~~#.~~~...♣
.#~.........~#.oo~...♣♣
.#~....∩....~#.)@~...∩♣
.##.........##.~~~...♣♣
.#~..8...8..~#.~~~...♣
'#~.........~#'###..♣♣
.#~[!8..o8!}~#...##.♣
.##~~#####~~##....##♣
.(####...####......##
......(.............#
8.(...........8..8..#


You could see an orc warlord and an orc (strong).

Vanquished Creatures
  A shadow (D:5)
  Edmund (D:6)
  Menkaure (D:5)
  3 ice beasts
  2 black bears (D:5)
  3 orc warriors (Bailey)
  2 ogres
  A phantom (D:4)
  A gnoll sergeant (D:5)
  A bullfrog (D:6)
  5 hounds
  A jelly (D:6)
  3 gnoll boudas
  3 orc priests
  3 sleepcaps
  6 orc wizards
  38 gnolls
  7 adders
  2 ufetubi
  A worm (D:4)
  4 dart slugs
  30 orcs
  9 ball pythons
  8 bats
  9 endoplasms
  2 giant cockroaches
  7 hobgoblins
  18 jackals
  12 kobolds
  5 quokkas
  4 frilled lizards
  9 goblins
  6 rats
208 creatures vanquished.

Vanquished Creatures (others)
  A plant (D:5)
1 creature vanquished.

Grand Total: 209 creatures vanquished

Notes
Turn   | Place    | Note
-------+----------+-------------------------------------------
     0 | D:1      | Lavandula the Merfolk Transmuter began the quest for the
                  | Orb.
     0 | D:1      | Reached XP level 1. HP: 15/15 MP: 3/3
   279 | D:1      | Reached XP level 2. HP: 9/21 MP: 3/5
   297 | D:1      | Learned a level 2 spell: Wereblood
   405 | D:1      | Found a faded altar of an unknown god.
   650 | D:1      | Reached XP level 3. HP: 26/26 MP: 4/6
   661 | D:1      | Learned a level 3 spell: Spider Form
   959 | D:1      | Reached skill level 1 in Poison Magic
  1061 | D:2      | Identified the +5 ring mail of the Bulwark {rN++}
  1102 | D:2      | Found a sparkling altar of Nemelex Xobeh.
  1600 | D:3      | Found a shadowy altar of Dithmenos.
  1609 | D:3      | Reached skill level 3 in Transmutations
  1609 | D:3      | Reached XP level 4. HP: 31/32 MP: 5/7
  1876 | D:3      | Noticed an ogre
  1884 | D:3      | Killed an ogre
  1885 | D:3      | Reached skill level 5 in Transmutations
  1885 | D:3      | Reached XP level 5. HP: 21/37 MP: 4/8
  2141 | D:3      | Identified the +1 helmet "Idevaxisa" {*Slow rPois Will++
                  | Regen+}
  2241 | D:3      | Found a glowing golden altar of the Shining One.
  2387 | D:4      | Noticed an ice beast
  2399 | D:4      | Killed an ice beast
  2400 | D:4      | Reached skill level 7 in Transmutations
  2400 | D:4      | Reached XP level 6. HP: 23/43 MP: 6/9
  3208 | D:5      | Entered Level 5 of the Dungeon
  3219 | D:4      | Reached XP level 7. HP: 18/48 MP: 2/12
  3236 | D:4      | Learned a level 4 spell: Ice Form
  3424 | D:5      | Reached skill level 5 in Spellcasting
  3499 | D:5      | Learned a level 5 spell: Blade Hands
  3591 | D:5      | Found a staircase to the Ecumenical Temple.
  3680 | Temple   | Entered the Ecumenical Temple
  3714 | Temple   | Became a worshipper of Warmaster Okawaru
  3777 | D:5      | Found a snail-covered altar of Cheibriados.
  3862 | D:5      | Reached XP level 8. HP: 23/54 MP: 14/16
  3867 | D:5      | Reached skill level 8 in Transmutations
  3959 | D:5      | Noticed Menkaure
  3961 | D:5      | Noticed a shadow
  3965 | D:5      | Killed Menkaure
  3966 | D:5      | Reached skill level 9 in Transmutations
  3973 | D:5      | Reached * piety under Okawaru
  3974 | D:5      | Reached skill level 5 in Unarmed Combat
  3976 | D:5      | Killed a shadow
  4547 | D:5      | Reached ** piety under Okawaru
  4548 | D:5      | Reached XP level 9. HP: 30/59 MP: 17/17
  5163 | D:6      | Noticed Edmund
  5174 | D:6      | Killed Edmund
  5304 | D:6      | Reached skill level 10 in Transmutations
  5345 | D:6      | Found an ornate altar of the Wu Jian Council.
  5932 | D:7      | Found a shimmering blue altar of Sif Muna.
  6405 | D:8      | Found a flagged portal.
  6412 | Bailey   | Entered a bailey
  6418 | Bailey   | Noticed an orc warlord
  6556 | Bailey   | Found a runed translucent gate.
  6558 | Bailey   | Found a runed translucent gate.
  6560 | Bailey   | Found a runed translucent gate.
  6699 | Bailey   | Demolished by an orc warlord

Illustrated notes

Levels and vault maps discovered:
D:1:      minmay_arrival_split_and_join, layout_rooms,
          dreamdust_ecumenical_altar_hidden_monk_grotto, due_unseen_surprise
D:2:      layout_basic, basic_altar
D:3:      layout_basic, nicolae_tso_swordbearing_angel,
          mainiacjoe_overflow_paths
D:4:      layout_basic, kennysheep_generic_room_3
D:5:      lemuel_castle_with_subvaults [lemuel_castle_interior_carwin_1],
          layout_loops_ring, kennysheep_slug_shrine, minmay_temple_entry_wispy,
          minivault_26, kennysheep_decorative_pillar, minmay_misc_feat_chi,
          chequers_serial_rivers_micro_e, uniq_menkaure
D:6:      layout_basic, nzn_wu_jian_council_hall, uniq_edmund
D:7:      layout_loops_ring, mainiacjoe_overflow_alcove_1,
          nicolae_zen_rock_garden
D:8:      layout_loops_ring, hellmonk_lair_entry_icy, enter_bailey_2,
          minivault_4
Temple:   dshaligram_water_room_temple
Bailey:   bailey_axe_bossmonster_kennysheep, bailey

Skill      XL: |  1  2  3  4  5  6  7  8  9 |
---------------+----------------------------+-----
Unarmed Combat | 4 8 9 |  9.5
Poison Magic   | 2 |  2.0
Transmutations | 3 5 7 9 10 | 10.9
Spellcasting   | 3 5 |  5.3
Fighting       | |  1.1
Dodging        | |  2.6

Action                     |  1- 3 |  4- 6 |  7- 9 || total
---------------------------+-------+-------+-------++-------
  Melee: Unarmed           |   118 |   113 |   421 ||   652
         Headbutt          |     9 |     7 |       ||    16
         Punch             |     2 |       |     6 ||     8
         Tailslap          |       |       |     7 ||     7
  Throw: Throwing net      |       |       |     1 ||     1
   Cast: Beastly Appendage |    19 |     9 |     4 ||    32
         Spider Form       |     1 |    11 |    34 ||    46
         Ice Form          |       |       |     1 ||     1
         Blade Hands       |       |       |     5 ||     5
Ability: End Transformatio |       |       |     1 ||     1
    Use: Potion            |       |       |     6 ||     6
         Scroll            |       |       |     9 ||     9
   Stab: Sleeping          |     3 |       |       ||     3
 Armour: Robe              |     5 |       |       ||     5
         Ring mail         |    41 |    27 |    42 ||   110
         Skin              |       |     2 |    40 ||    42
  Dodge: Dodged            |    59 |    80 |   330 ||   469

Table legend: (Time is in decaauts)
 A = Elapsed time spent in this place.
 B = Non-inter-level travel time spent in this place.
 C = Inter-level travel time spent in this place.
 D = Time resting spent in this place.
 E = Time spent auto-exploring this place.
 F = Levels seen in this place.
 G = Mean time per level.
                   A        B        C        D        E       F      G
               +--------+--------+--------+--------+--------+-----+--------+
         Total |   6578 |   6316 |    262 |    305 |   4379 |  10 |  657.8 |
       Dungeon |   6257 |   5995 |    262 |    229 |   4353 |   8 |  782.1 |
        Temple |     47 |     47 |      0 |      3 |     23 |   1 |   47.0 |
        Bailey |    273 |    273 |      0 |     73 |      3 |   1 |  273.0 |
               +--------+--------+--------+--------+--------+-----+--------+

Top non-repeatable levels by time:
     D:5: 1501 daAuts
     D:4: 973 daAuts
     D:1: 856 daAuts
     D:7: 815 daAuts
     D:3: 730 daAuts
     D:2: 716 daAuts
     D:6: 635 daAuts
  Bailey: 273 daAuts
  Temple: 47 daAuts
     D:8: 27 daAuts
